 Dungeon Crawl Stone Soup version 0.21-a0-251-g5e8393f (webtiles) character file.

956307 heiberg the Conqueror (level 27, -10/179 HPs)
             Began as a Gargoyle Fighter on Aug 25, 2017.
             Was the Champion of Okawaru.
             Mangled by an Orb Guardian (26 damage)
             ... on level 5 of the Realm of Zot on Sept 5, 2017.
             The game lasted 13:28:15 (133983 turns).

heiberg the Conqueror (Gargoyle Fighter)          Turns: 133983, Time: 13:28:16

Health: -10/179    AC: 45    Str: 31      XL:     27
Magic:  24/24      EV: 14    Int: 15      God:    Okawaru [******]
Gold:   9399       SH: 37    Dex: 32 (33) Spells: 15/26 levels left

rFire    + . .     SeeInvis +   a - +4 broad axe "Mil Goewk" {chop, rElec rF+ Int+4}
rCold    . . .     Gourm    +   w - +18 shield of the Gong {rElec rN+ MR+ EV-5}
rNeg     + + +     Faith    .   L - +6 faerie dragon scales {rPois rCorr Str+6 Slay+3}
rPois    ∞         Spirit   .   O - +1 helmet of the Jolly Ghosts {rF- Int+4 Dex+4 SInv}
rElec    +         Reflect  .   G - +0 cloak "Seleyrph" {Regen+}
rCorr    +         Harm     .   U - +2 pair of gloves {Dex+3}
MR       ++++.     Rnd*Tele +   i - +0 pair of boots of the Pits of Slime {rElec rC- rN+ Dex+6}
Stlth    ++........             p - amulet of Etetog {Gourm Str+4 Dex+2}
HPRegen  0.00/turn              r - ring "Levirycvo" {*Drain rPois rF+ rN+ MR+}
MPRegen  0.19/turn              h - ring of Koots {*Drain rC+ Str+3 Dex+4}

@: about to teleport, corroded, flying
A: big wings, blink, blurry vision 3, clumsy 2, deformed body, deterioration 2,
dopey 2, frail 1, low mp 3, negative energy resistance 1, screaming 1,
electricity resistance, inhibited regeneration, teleportitis 1, weak 2,
unbreathing, petrification resistance, no potion heal 2, rot immunity, subdued
magic 3, MP-powered wands, AC +20
}: 3/15 runes: decaying, serpentine, silver
a: Stop Flying, Blink, Heroism, Finesse, Renounce Religion


You were on level 5 of the Realm of Zot.
You worshipped Okawaru.
Okawaru was exalted by your worship.
You were completely stuffed.

You visited 12 branches of the dungeon, and saw 55 of its levels.
You visited the Abyss 19 times.
You also visited: Bailey.

You collected 12506 gold pieces.
You spent 3107 gold pieces at shops.

Inventory:

Hand Weapons
 a - the +4 broad axe "Mil Goewk" (weapon) {chop, rElec rF+ Int+4}
   (You found it on level 5 of the Vaults)

   It inflicts extra damage upon your enemies.
   It affects your intelligence (+4).
   It protects you from fire.
   It insulates you from electricity.
 b - the +9 double sword of Inference {slice, +Inv rC+ Str+2 Int-5}
   (Okawaru gifted it to you on level 1 of the Abyss)

   It inflicts extra damage upon your enemies.
   It affects your strength (+2).
   It affects your intelligence (-5).
   It protects you from cold.
   It lets you turn invisible.
Missiles
 x - 2738 arrows
Armour
 d - the -4 pair of gloves of the Sky {rN+++ Dex-2}
   (You acquired it on level 11 of the Dungeon)

   It affects your dexterity (-2).
   It renders you almost immune to negative energy.
 i - the +0 pair of boots of the Pits of Slime (worn) {rElec rC- rN+ Dex+6}
   (You acquired it on level 11 of the Dungeon)

   It affects your dexterity (+6).
   It makes you vulnerable to cold.
   It insulates you from electricity.
   It protects you from negative energy.
 o - the +2 shield "Osoass" {rF+ Dex+3 Slay+2}
   (You acquired it on level 5 of the Vaults)

   It affects your dexterity (+3).
   It affects your accuracy and damage with ranged weapons and melee attacks
   (+2).
   It protects you from fire.
 v - a +1 pair of boots of running
 w - the +18 shield of the Gong (worn) {rElec rN+ MR+ EV-5}
   (You acquired it on level 11 of the Dungeon)

   It affects your evasion (-5).
   It insulates you from electricity.
   It protects you from negative energy.
   It affects your resistance to hostile enchantments.
 G - the +0 cloak "Seleyrph" (worn) {Regen+}
   (Okawaru gifted it to you on level 2 of the Elven Halls)

   It increases your rate of regeneration.
 L - the +6 faerie dragon scales (worn) {rPois rCorr Str+6 Slay+3}
   (You took it off the Enchantress on level 2 of the Depths)

   It affects your strength (+6).
   It affects your accuracy and damage with ranged weapons and melee attacks
   (+3).
   It protects you from poison.
   It protects you from acid and corrosion.
 O - the +1 helmet of the Jolly Ghosts (worn) {rF- Int+4 Dex+4 SInv}
   (You acquired it on level 11 of the Dungeon)

   It affects your intelligence (+4).
   It affects your dexterity (+4).
   It makes you vulnerable to fire.
   It lets you see invisible.
 U - a +2 pair of gloves of dexterity (worn)
 X - a +1 cloak
Jewellery
 h - the ring of Koots (right hand) {*Drain rC+ Str+3 Dex+4}
   (You bought it in a shop on level 2 of the Orcish Mines)

   [ring of strength]

   It affects your strength (+3).
   It affects your dexterity (+4).
   It protects you from cold.
   It causes draining when unequipped.
 p - the amulet of Etetog (around neck) {Gourm Str+4 Dex+2}
   (You bought it in a shop on level 2 of the Orcish Mines)

   [amulet of the gourmand]

   It allows you to eat raw meat even when not hungry.
   It affects your strength (+4).
   It affects your dexterity (+2).
 r - the ring "Levirycvo" (left hand) {*Drain rPois rF+ rN+ MR+}
   (You took it off a spriggan berserker on level 5 of the Depths)

   [ring of poison resistance]

   It protects you from fire.
   It protects you from poison.
   It protects you from negative energy.
   It affects your resistance to hostile enchantments.
   It causes draining when unequipped.
 R - an uncursed ring of ice
Wands
 A - a wand of digging (8/24)
 C - a wand of digging (6/24)
 M - a wand of disintegration (17/24)
 S - a wand of clouds (5/9)
 V - a wand of disintegration (13/24)
 Y - a wand of disintegration (15/24)
Scrolls
 c - 29 scrolls of remove curse
 e - 4 scrolls of identify
 l - 2 scrolls of enchant weapon
 n - 6 scrolls of enchant armour
 q - 12 scrolls of teleportation
 s - 5 scrolls of fog
 u - a scroll of blinking
 y - 17 scrolls of recharging
 H - 2 scrolls of amnesia
 I - 3 scrolls of summoning
 J - 11 scrolls of fear
 Q - 5 scrolls of magic mapping
 T - 4 scrolls of silence
Potions
 g - 3 potions of agility
 j - 27 potions of curing
 t - 7 potions of resistance
 z - 7 potions of haste
 B - 15 potions of brilliance
 D - 2 potions of ambrosia
 F - 4 potions of magic
 N - a potion of might
 P - 8 potions of invisibility
 W - 6 potions of cancellation
 Z - 7 potions of heal wounds
Comestibles
 f - 15 bread rations
 k - 73 fruits
 m - 34 meat rations
 E - 39 royal jellies


   Skills:
 O Level 27 Fighting
   Level 4.4(19.1) Short Blades
 O Level 27 Long Blades
 + Level 26.4(26.9) Axes
   Level 11.4(20.6) Polearms
   Level 1.8 Bows
 O Level 27 Armour
 - Level 6.6 Dodging
 - Level 1.0 Stealth
 - Level 20.0 Shields
 - Level 13.3 Charms
 - Level 7.5 Necromancy
 - Level 8.7 Translocations
 - Level 15.4 Invocations
 - Level 1.2 Evocations


You had 15 spell levels left.
You knew the following spells:

 Your Spells              Type           Power        Failure   Level  Hunger
a - Controlled Blink      Tloc           N/A          100%        8    #######
z - Regeneration          Chrm/Necr      ###.......   1%          3    ####...


Dungeon Overview and Level Annotations

Branches:
Dungeon (15/15)            Temple (1/1) D:6            Lair (6/6) D:11
  Swamp (4/4) Lair:4        Snake (4/4) Lair:3        Slime (2/5) Lair:5
    Orc (2/2) D:11            Elf (3/3) Orc:2        Vaults (5/5) D:14
  Crypt (3/3) Vaults:2       Tomb (0/3) Crypt:3      Depths (5/5) D:15
    Zot (5/5) Depths:5

Altars:
Ashenzari
Cheibriados
Dithmenos
Elyvilon
Fedhas
Gozag
Hepliaklqana
Kikubaaqudgha
Makhleb
Nemelex Xobeh
Okawaru
Qazlal
Ru
Sif Muna
Trog
Uskayaw
Vehumet
Wu Jian
Xom
Yredelemnul
Zin
The Shining One
Beogh
Jiyva

Shops:
D:8 *   D:12 ?   Orc:2 (=[*   Elf:1 *   Vaults:1 *   Vaults:2 =*   Vaults:3 }
Depths:4 ?

Portals:
Hell: Depths:1 Depths:2 Depths:3 Depths:4 Depths:5
Abyss: Depths:4 Depths:5
Pandemonium: Depths:2 Depths:3 Depths:4
Ziggurat: Depths:1
Trove: D:13 (give 8 scrolls of blinking)

Annotations:
Zot:1 2 transporters


Innate Abilities, Weirdness & Mutations

You are resistant to torment.
Your stone body is resilient. (AC +20)
You are immune to poison.
Your large and strong wings let you fly indefinitely.
You resist negative energy. (rN+)
You are resistant to electric shocks. (rElec)
You can survive without breathing.
You are immune to petrification.
You are immune to rotting.
You can translocate small distances at will.
Scrolls take you much longer to read.
You are very clumsy. (Dex -4)
Armour fits poorly on your strangely shaped body.
Your body often deteriorates upon taking damage.
You are very dopey. (Int -4)
You are frail. (-10% HP)
Your magical capacity is extremely low. (-30% MP)
You occasionally shout uncontrollably at your foes.
You do not regenerate when monsters are visible.
You are occasionally teleported next to monsters.
You are very weak. (Str -4)
Potions are poor at restoring your health.
Your spells are much easier to cast, but much less powerful.
You expend magic power (3 MP) to strengthen your wands.


Message History

The ancient lich mumbles some strange words.
The ancient lich flickers and vanishes for a moment.
The yellow draconian hits you but does no damage.
The Orb Guardian hits you!
* * * LOW HITPOINT WARNING * * *
The yellow draconian hits you but does no damage.
You can move again.
You block the Orb Guardian's attack.
BOUMMMMG!
The orb of fire emits a lurid red light.
Strange energies course through your body.
The red draconian knight avoids triggering a spear trap.
You block the yellow draconian's attack.
GONNNNG!
The Orb Guardian hits you!
* * * LOW HITPOINT WARNING * * *
You block the Orb Guardian's attack.
GONNNNG!
The Orb Guardian hits you!!
You die...

*******▓▓▓** ,,,,,,,....▓▓▓* *
,,,,,,,.....^.▓▓▓ ***
,,,,,,,....D..dq▓▓ **,,
,,,,,,,......dqXd▓ ********* *,,,
,,,,,,,.......LX@▓**,,,,,,,***,,,
,,,,,,,.......X*X▓*,,,,,,,,,**,,,
,,,,,,,.†.....2L.▓,,,,,,,,,,,*,,,
,,,,,,,....^......,,,,,,,,,,,,,,,
,,,,,,,..........▓.,,,,,,,,,,*,,,
,,,,,,,..........▓▓.,,,,,,,,**,,,
,,,,,,,..........▓*▓.,,,,,,***,,,
,,,,,,,,.........# *▓▓****** *,,,
,,,,,,,,,,,,,,,,** **,,


You could see an orb of fire, 2 draconians, 2 ancient liches, 3 draconians, a
quicksilver dragon, 4 Orb Guardians and a reaper.

Vanquished Creatures
  Khufu (Crypt:2)
  Mara (D:15)
  The ghost of beep the Sensei, a legendary DsAK of Lugonu (Zot:5)
  Mennas (Depths:3)
  7 ancient liches
  3 juggernauts
  Sojobo (Depths:1)
  2 greater mummies (Crypt:2)
  Vashnia (Snake:3)
  Xtahua (Crypt:3)
  Saint Roka (Snake:3)
  6 curse toes
  11 golden dragons
  the Enchantress (Depths:2)
  7 profane servitors
  Nikola (Snake:3)
  31 bone dragons
  5 hellephants
  3 electric golems
  4 Hell Sentinels
  21 tentacled monstrosities
  3 Orb Guardians (Zot:5)
  A deep elf blademaster (Elf:3)
  6 titans
  Asterion (Snake:3)
  26 liches
  2 deep elf master archers (Elf:3)
  2 acid blobs (Slime:2)
  A quicksilver dragon (shapeshifter) (Vaults:4)
  120 tentacled starspawn
  A kraken (Abyss:1)
  2 death cobs (Depths:5)
  7 sphinxes
  9 quicksilver dragons
  7 Executioners
  5 thorn hunters
  6 ancient champions (Crypt:3)
  Kirke (Lair:4)
  14 shadow dragons
  7 revenants
  16 storm dragons
  9 tengu reavers
  Agnes (Snake:3)
  Roxanne (Swamp:3)
  8 nagarajas
  3 azure jellies (Slime:1)
  5 draconian monks
  2 daevas
  7 deep elf sorcerers
  3 iron dragons
  9 cacodemons
  Aizul (Snake:2)
  12 fire giants
  5 draconian knights
  3 ghost moths (Zot:1)
  12 draconian shifters
  26 vault wardens
  6 draconian scorchers
  17 frost giants
  10 balrugs
  15 ghouls
  3 deep elf elementalists
  The ghost of johnnyzero the Spry, an adept SpFi of Gozag (Swamp:3)
  Louise (D:13)
  4 spriggan defenders
  34 stone giants
  3 orc warlords
  3 draconian stormcallers
  5 draconian annihilators
  4 angels
  7 reapers
  4 war gargoyles
  5 entropy weavers
  50 very ugly things
  3 ophanim
  6 vampire knights
  25 ironheart preservers
  9 deep elf annihilators
  13 purple draconians
  8 black draconians
  15 green draconians
  10 lorocyprocas
  14 red draconians
  14 dire elephants (Depths:4)
  3 spark wasps
  8 yellow draconians
  17 white draconians
  7 deep elf demonologists
  A spark wasp (shapeshifter) (Elf:2)
  21 ettins
  5 blizzard demons
  An ettin (shapeshifter) (Depths:2)
  12 eidola
  14 fire dragons
  Snorg (Lair:3)
  12 jiangshi
  9 deep elf death magi
  2 crystal guardians
  3 mummy priests (Crypt:3)
  18 yaktaur captains
  3 green deaths
  5 deep elf high priests
  The ghost of cellescent the Spry, a journeyman SpWn of Dithmenos (Lair:2)
  32 vault guards
  19 great orbs of eyes
  A great orb of eyes (shapeshifter) (Vaults:2)
  A quicksilver dragon skeleton (Crypt:3)
  13 ice dragons
  A catoblepas (Abyss:1)
  29 hydras
  24 rakshasas
  12 naga warriors
  9 anacondas
  The ghost of blobert the Severer, a journeyman MiBe of Trog (Orc:1)
  A ghost crab (Swamp:2)
  A merfolk aquamancer (Depths:5)
  5 spriggan air magi
  Erica (D:8)
  39 two-headed ogres
  11 centaur warriors
  16 ogre magi
  11 deep troll shamans
  31 dancing weapons
  A two-headed ogre (shapeshifter) (Elf:3)
  5 death knights
  77 thrashing horrors
  7 hell hogs (Abyss:1)
  14 naga sharpshooters
  11 tengu warriors
  3 orc high priests
  10 shock serpents
  12 hell knights
  10 vampire magi
  11 alligators
  4 deep troll earth magi
  4 death yaks
  4 titan zombies
  6 spriggan berserkers
  8 sun demons
  A storm dragon zombie (Vaults:5)
  Nergalle (Orc:2)
  5 soul eaters
  3 fire crabs (shapeshifter)
  A storm dragon skeleton (Abyss:1)
  40 deep elf knights
  4 fire crabs
  9 shadow wraiths
  27 sixfirhies
  An iron giant zombie (Crypt:1)
  A death drake (Abyss:1)
  A deep troll (shapeshifter) (D:15)
  4 iron trolls
  A titan skeleton (Vaults:5)
  2 unseen horrors (shapeshifter)
  13 unseen horrors
  2 salamander mystics (Snake:3)
  93 wretched stars
  A sea snake (shapeshifter) (Depths:2)
  26 spatial maelstroms
  14 skeletal warriors
  A ghost moth zombie (Abyss:1)
  8 wizards
  16 glowing orange brains
  A glowing orange brain (shapeshifter) (Vaults:4)
  A quicksilver dragon simulacrum (Abyss:1)
  10 swamp dragons
  3 sea snakes (Snake:3)
  4 shadow demons (Abyss:1)
  A spriggan druid (Swamp:3)
  10 deep trolls
  341 starcursed masses
  17 deep elf archers
  14 flayed ghosts
  8 naga ritualists
  5 anaconda skeletons
  12 ironbrand convokers
  2 lindwurms
  13 phantasmal warriors
  16 orc knights
  A mana viper (shapeshifter) (Depths:1)
  2 shadow dragon zombies (Abyss:1)
  20 necromancers
  3 wolf spider zombies
  2 iron dragon zombies
  2 fire giant zombies
  7 harpies
  6 shining eyes
  A frost giant zombie (Abyss:2)
  4 wolf spiders
  11 mana vipers
  46 ugly things
  A golden dragon skeleton (Crypt:3)
  2 orb spiders (Abyss:1)
  A wolf spider (shapeshifter) (Vaults:5)
  2 salamanders (shapeshifter)
  3 orc sorcerers
  74 deep elf magi
  3 manticores
  2 shadow dragon skeletons
  A moth of wrath (shapeshifter) (Depths:4)
  A stone giant zombie (Crypt:1)
  8 elephants
  15 salamanders
  2 human zombies (Vaults:4)
  2 fire giant skeletons
  36 worldbinders
  28 moths of wrath
  11 cyclopes
  A sphinx skeleton (Vaults:4)
  An iron dragon skeleton (Abyss:1)
  2 black mambas (shapeshifter)
  Joseph (D:8)
  2 stone giant skeletons
  A torpor snail (Lair:3)
  2 eyes of devastation (shapeshifter)
  2 titan simulacra
  4 centaur zombies
  A dire elephant zombie (Abyss:1)
  9 guardian serpents
  30 orange demons
  9 rust devils
  20 vault sentinels
  22 naga magi
  A spiny frog (shapeshifter) (Abyss:1)
  6 eyes of devastation
  20 apocalypse crabs
  An alligator snapping turtle zombie (Crypt:1)
  40 black mambas
  3 dire elephant skeletons
  An ice statue (Abyss:1)
  2 storm dragon simulacra
  8 gargoyles
  74 smoke demons
  2 rime drakes
  A catoblepas zombie (Crypt:2)
  11 efreet
  30 spiny frogs
  An elephant slug zombie (Crypt:3)
  4 hellions
  8 komodo dragons
  A yaktaur (shapeshifter) (Vaults:3)
  2 rime drakes (shapeshifter)
  A tormentor (Abyss:2)
  82 yaktaurs
  A komodo dragon (shapeshifter) (Vaults:3)
  An anaconda simulacrum (Abyss:1)
  31 freezing wraiths
  6 kobold demonologists
  7 demonic crawlers
  A pale draconian skeleton (Crypt:1)
  An alligator snapping turtle skeleton (Crypt:2)
  32 hellwings
  3 silent spectres (Abyss:1)
  11 guardian mummies (Crypt:3)
  7 tengu conjurers
  8 ice devils
  A merfolk (Depths:5)
  7 red devils
  14 trolls
  2 harpy zombies
  84 ancient zymes
  A black draconian skeleton (Abyss:1)
  A catoblepas skeleton (Abyss:1)
  A jumping spider (Vaults:4)
  A meliai (shapeshifter) (Abyss:1)
  A hydra zombie (Abyss:2)
  6 polar bears (Lair:6)
  14 bog bodies
  2 hydra skeletons
  47 slime creatures
  A wolf spider simulacrum (Crypt:3)
  3 meliai (D:15)
  12 hornets
  10 tyrant leeches
  A harpy skeleton (Abyss:2)
  16 dream sheep
  A meliai zombie (Crypt:3)
  184 raiju
  A guardian serpent zombie (Crypt:2)
  4 blink frogs (shapeshifter)
  5 hippogriffs
  2 ettin zombies
  35 blink frogs
  2 fire giant simulacra
  An alligator zombie (Crypt:3)
  A frost giant simulacrum (Abyss:1)
  262 large abominations
  A hippogriff (shapeshifter) (Abyss:2)
  36 flying skulls
  12 air elementals
  An ettin skeleton (Abyss:2)
  A wyvern (shapeshifter) (Abyss:1)
  2 fire dragon zombies
  12 shadows
  An alligator skeleton (Crypt:1)
  53 ynoxinuls
  A redback (shapeshifter) (Vaults:1)
  A spriggan (shapeshifter) (Abyss:2)
  A black mamba zombie (Crypt:1)
  19 fire bats
  A tarantella (shapeshifter) (Depths:4)
  3 wyverns
  47 yaks
  3 redbacks
  11 water elementals
  8 vampires
  An ushabti (Crypt:3)
  23 spriggans
  A dire elephant simulacrum (Abyss:2)
  21 wraiths
  3 hogs (Lair:4)
  8 basilisks
  222 small abominations
  2 fire elementals
  15 golden eyes
  47 chaos spawn
  A human (shapeshifter) (Vaults:4)
  Grum (D:8)
  2 basilisks (shapeshifter)
  A golden eye (shapeshifter) (Abyss:2)
  An emperor scorpion simulacrum (Abyss:1)
  5 steam dragons (Swamp:4)
  7 hungry ghosts
  A yaktaur simulacrum (Vaults:4)
  27 vampire mosquitoes
  54 neqoxecs
  A warg (shapeshifter) (Abyss:1)
  4 wargs
  40 nagas
  A tengu zombie (D:15)
  A soldier ant (shapeshifter) (Depths:3)
  2 harpy simulacra
  30 insubstantial wisps
  A deep troll zombie (Crypt:1)
  A soldier ant (D:13)
  2 two-headed ogre zombies (D:11)
  Duvessa (D:6)
  A water moccasin (shapeshifter) (Vaults:5)
  2 hydra simulacra
  3 acid dragons
  24 swamp worms
  2 spiny frog zombies (Abyss:1)
  2 floating eyes (Depths:5)
  7 water moccasins
  60 spatial vortices
  14 hell hounds (Abyss:1)
  A gelid demonspawn skeleton (Crypt:2)
  11 porcupines
  63 orc warriors
  4 black bears
  10 ice beasts
  7 swamp drakes
  3 phantoms
  A spiny frog skeleton (Crypt:2)
  A snapping turtle zombie (Abyss:1)
  38 ogres
  15 eyes of draining
  An eye of draining (shapeshifter) (Abyss:1)
  7 sky beasts
  2 fire dragon simulacra (Abyss:2)
  2 manticore zombies
  3 necrophages
  36 wolves
  4 boggarts (Lair:6)
  31 centaurs
  12 big kobolds
  11 crocodiles
  A big kobold (shapeshifter) (Depths:2)
  37 bullfrogs
  9 earth elementals
  A spiny frog simulacrum (Abyss:2)
  Dowan (D:6)
  3 troll zombies (D:11)
  A shapeshifter zombie (Crypt:3)
  3 scorpions
  A warg skeleton (Crypt:2)
  6 killer bees (D:12)
  A swamp dragon simulacrum (Abyss:1)
  2 elf simulacra (Vaults:4)
  A snapping turtle simulacrum (Crypt:3)
  A yak skeleton (Crypt:2)
  24 wights
  A troll skeleton (Crypt:3)
  2 howler monkeys (D:8)
  6 electric eels
  2 bullfrog zombies
  16 crimson imps
  16 jellies
  44 quasits
  39 orc wizards
  8 centaur skeletons
  25 orc priests
  A gnoll shaman (D:7)
  6 hounds
  33 iron imps
  A black bear skeleton (Crypt:2)
  3 bullfrog skeletons
  A human skeleton (Abyss:1)
  3 iguanas
  2 hell rats (Lair:6)
  11 worker ants
  A dwarf zombie (Crypt:1)
  A naga zombie (Abyss:2)
  A centaur simulacrum (Abyss:1)
  3 ogre zombies (D:11)
  A hound zombie (Crypt:2)
  3 hound skeletons
  A mummy (Crypt:2)
  Robin (D:2)
  12 gnolls
  2 howler monkey skeletons
  8 river rats (Lair:6)
  A swamp drake zombie (Crypt:1)
  15 adders
  An adder (shapeshifter) (D:14)
  10 shadow imps
  A steam dragon skeleton (Crypt:3)
  46 white imps
  43 ufetubi
  21 oozes
  3 adder skeletons
  3 worms (D:3)
  2 dart slugs
  5 leopard geckos
  121 orcs
  4 bats
  9 giant cockroaches
  32 goblins
  16 hobgoblins
  10 jackals
  5 quokkas
  3 frilled lizards
  A giant cockroach zombie (Crypt:1)
  2 goblin skeletons (D:11)
  3 goblin zombies (D:11)
  2 hobgoblin skeletons (D:11)
  3 hobgoblin zombies (D:11)
  26 kobolds
  A leopard gecko zombie (Crypt:2)
  3 orc skeletons
  12 orc zombies (D:11)
  A quokka skeleton (D:7)
  A quokka zombie (D:5)
  8 rats
  A rat zombie (Crypt:2)
  2 crawling corpses
  A fungus (Lair:2)
  9 lurking horrors
  97 starspawn tentacles
  4 tentacles (Abyss:1)
  A withered plant (D:15)
5593 creatures vanquished.

Vanquished Creatures (collateral kills)
  A fire dragon (Depths:2)
  A great orb of eyes (Depths:2)
  A hornet (Depths:2)
  A spriggan (Depths:2)
  A chaos spawn (Depths:2)
5 creatures vanquished.

Vanquished Creatures (others)
  2 deep elf master archers (Elf:3)
  A tengu reaver (Depths:2)
  2 vault wardens (Vaults:5)
  A fire giant (Depths:3)
  A stone giant (Vaults:3)
  4 yaktaur captains
  2 centaur warriors
  3 deep elf knights (Elf:2)
  4 naga sharpshooters
  A shadow wraith (Vaults:4)
  A naga ritualist (Snake:4)
  4 deep elf archers
  An unseen horror (Abyss:2)
  3 deep elf magi
  2 swamp dragons
  A moth of wrath (Zot:5)
  An orange demon (Abyss:2)
  A large abomination (Abyss:2)
  A spiny frog (Lair:4)
  An efreet (Abyss:2)
  17 yaktaurs
  A tengu conjurer (Depths:4)
  A hellwing (Abyss:2)
  A hornet (Vaults:2)
  A raiju (Abyss:1)
  A steam dragon (Swamp:4)
  2 nagas
  A spatial vortex (Abyss:3)
  3 swamp drakes (Swamp:4)
  An ogre (Vaults:3)
  3 centaurs (Depths:1)
  A bullfrog (Lair:4)
  7 small abominations
  An orc priest (Vaults:4)
  A white imp (Abyss:2)
  4 ufetubi
  An orc (Orc:1)
  A kobold (D:15)
  A briar patch (Swamp:1)
  A bush (Abyss:1)
  A crawling corpse (Vaults:5)
  117 fungi
  10 lurking horrors
  116 plants
  226 starspawn tentacles
  A tentacle (Abyss:1)
  A withered plant (D:15)
559 creatures vanquished.

Grand Total: 6157 creatures vanquished

Notes
Turn   | Place    | Note
-------+----------+-------------------------------------------
     0 | D:1      | heiberg the Gargoyle Fighter began the quest for the Orb.
     0 | D:1      | Reached XP level 1. HP: 14/14 MP: 1/1
   320 | D:1      | Reached XP level 2. HP: 19/19 MP: 2/2
   854 | D:2      | Reached XP level 3. HP: 24/24 MP: 3/3
  1321 | D:2      | Noticed Robin
  1342 | D:2      | Reached XP level 4. HP: 26/29 MP: 2/4
  1352 | D:2      | Killed Robin
  1949 | D:3      | Reached XP level 5. HP: 34/34 MP: 5/5
  2224 | D:3      | Found a hide-covered altar of Uskayaw.
  2363 | D:4      | Reached skill level 5 in Fighting
  2363 | D:4      | Reached skill level 1 in Polearms
  2980 | D:5      | Entered Level 5 of the Dungeon
  2985 | D:5      | Reached XP level 6. HP: 40/40 MP: 6/6
  3209 | D:5      | Reached XP level 7. HP: 45/45 MP: 7/7
  3418 | D:5      | Found a stormy altar of Qazlal.
  3512 | D:5      | Reached skill level 5 in Polearms
  3515 | D:5      | Found a radiant altar of Vehumet.
  3996 | D:6      | Found a glowing golden altar of the Shining One.
  4100 | D:6      | Noticed Dowan
  4103 | D:6      | Noticed Duvessa
  4112 | D:6      | Killed Duvessa
  4112 | D:6      | Reached XP level 8. HP: 42/52 MP: 6/8
  4128 | D:6      | Killed Dowan
  4184 | D:6      | Found a staircase to the Ecumenical Temple.
  4189 | Temple   | Entered the Ecumenical Temple
  5957 | D:7      | Found an opulent altar of Gozag.
  5999 | D:7      | Reached XP level 9. HP: 59/59 MP: 9/9
  6493 | D:7      | Reached skill level 5 in Armour
  6745 | D:8      | Found a stormy altar of Qazlal.
  6747 | D:8      | Noticed a two-headed ogre
  6749 | D:8      | Found a hazy altar of Hepliaklqana.
  6749 | D:8      | Found a basalt altar of Yredelemnul.
  6777 | D:8      | Killed a two-headed ogre
  6777 | D:8      | Reached skill level 10 in Fighting
  7094 | D:8      | Noticed Grum
  7116 | D:8      | Killed Grum
  7116 | D:8      | Reached XP level 10. HP: 39/68 MP: 5/10
  7325 | D:8      | Noticed Joseph
  7361 | D:8      | Killed Joseph
  7470 | D:8      | Found Akastru's Serpentskin Sales.
  7626 | D:8      | Found a sacrificial altar of Ru.
  7636 | D:8      | Noticed Erica
  7646 | D:8      | Killed Erica
  7765 | D:9      | Found an ancient bone altar of Kikubaaqudgha.
  7977 | D:9      | Reached skill level 1 in Long Blades
  8831 | D:9      | Reached XP level 11. HP: 66/78 MP: 9/11
  8885 | D:9      | Found an iron altar of Okawaru.
  8900 | D:9      | Became a worshipper of Warmaster Okawaru
  9270 | D:10     | Entered Level 10 of the Dungeon
  9537 | D:10     | Found a glowing silver altar of Zin.
 11068 | D:11     | Reached * piety under Okawaru
 11130 | D:11     | Found a staircase to the Lair.
 11196 | D:11     | Found a staircase to the Orcish Mines.
 11241 | D:11     | Noticed an orc sorcerer
 11245 | D:11     | Noticed a sixfirhy
 11248 | D:11     | Paralysed by an orc sorcerer for 5 turns
 11262 | D:11     | HP: 4/80 [orc sorcerer/bolt of negative energy (5)]
 11713 | D:11     | Reached ** piety under Okawaru
 12070 | D:11     | Reached skill level 15 in Fighting
 12082 | D:11     | Paralysed by an orc sorcerer for 6 turns
 12098 | D:11     | Paralysed by an orc sorcerer for 2 turns
 12102 | D:11     | Killed an orc sorcerer
 12377 | D:11     | Killed an unseen horror
 12377 | D:11     | Reached *** piety under Okawaru
 12377 | D:11     | Reached skill level 5 in Long Blades
 12377 | D:11     | Reached XP level 12. HP: 78/88 MP: 12/12
 12534 | Lair:1   | Entered Level 1 of the Lair of Beasts
 12563 | Lair:1   | Received a gift from Okawaru
 13092 | Lair:1   | Reached **** piety under Okawaru
 13585 | Lair:1   | Noticed a five-headed hydra
 13594 | Lair:1   | Killed a one-headed hydra
 13803 | Lair:2   | Noticed cellescent's ghost (journeyman SpWn)
 14458 | Lair:2   | HP: 2/90 [cellescent's ghost (5)]
 15000 | Orc:1    | Entered Level 1 of the Orcish Mines
 15052 | Orc:1    | Noticed a two-headed ogre
 15073 | Orc:1    | Killed a two-headed ogre
 15459 | Orc:2    | Entered Level 2 of the Orcish Mines
 15459 | Orc:2    | Found a staircase to the Elven Halls.
 15546 | Orc:1    | Reached ***** piety under Okawaru
 15718 | D:12     | Noticed a six-headed hydra
 15727 | D:12     | Killed a one-headed hydra
 16032 | D:12     | Reached XP level 13. HP: 90/96 MP: 13/13
 16087 | D:12     | Found Gockela's Magic Scroll Boutique.
 16095 | D:12     | Bought a scroll of identify for 28 gold pieces
 16095 | D:12     | Bought a scroll of magic mapping for 49 gold pieces
 16095 | D:12     | Bought a scroll of identify for 28 gold pieces
 16818 | D:13     | Reached skill level 10 in Armour
 16978 | D:13     | Received a gift from Okawaru
 16985 | D:13     | Got a pair of spiked gloves {god gift}
 16996 | D:13     | Identified the +0 pair of gloves of Saffos {rCorr} (Okawaru gifted it to you on level 13 of the Dungeon)
 17114 | D:13     | Found a flagged portal.
 17123 | Bailey   | Entered a bailey
 17173 | Bailey   | Found an iron altar of Okawaru.
 17813 | D:13     | Found a portal to a secret trove of treasure.
 20537 | Orc:2    | Noticed Nergalle
 20558 | Orc:2    | Noticed an orc warlord
 20592 | D:11     | Got a pitted helmet
 20603 | D:11     | Identified the +1 helmet of the Jolly Ghosts {rF- Int+4 Dex+4 SInv} (You acquired it on level 11 of the Dungeon)
 20605 | D:11     | Got a faintly glowing crystal plate armour
 20616 | D:11     | Identified the +3 crystal plate armour of Beogh's Benevolence {rPois Int+4} (You acquired it on level 11 of the Dungeon)
 20647 | Orc:2    | Killed Nergalle
 20671 | Orc:2    | Killed an orc warlord
 20761 | Orc:2    | Noticed an ettin
 21175 | Lair:2   | Received a gift from Okawaru
 21998 | Lair:2   | Gained mutation: Your large and strong wings let you fly indefinitely. [Gargoyle growth]
 21998 | Lair:2   | Reached XP level 14. HP: 100/103 MP: 12/14
 22347 | Lair:3   | Found a staircase to the Snake Pit.
 22759 | Lair:3   | Noticed Snorg
 22781 | Lair:3   | Killed Snorg
 23025 | Lair:4   | Found a staircase to the Swamp.
 23372 | Orc:2    | Found a roughly hewn altar of Beogh.
 23474 | Orc:2    | Found Wifeh's Antique Armour Shop.
 23475 | Orc:2    | Paralysed by an orc sorcerer for 5 turns
 23608 | Orc:2    | Found Geytikyugu's Antique Weapon Shop.
 23613 | Orc:2    | Found Jeggomm's Jewellery Shop.
 23615 | Orc:2    | Found Ommued's General Store.
 23699 | Orc:2    | Bought the ring of Koots {*Drain rC+ Str+3 Dex+4} for 390 gold pieces
 23760 | Orc:2    | Bought a transparent glaive for 333 gold pieces
 23760 | Orc:2    | Identified the +4 glaive of Amorality {pain, MR+ MP+9} (You bought it in a shop on level 2 of the Orcish Mines)
 24086 | Orc:1    | Noticed blobert's ghost (journeyman MiBe)
 24121 | Orc:1    | Killed blobert's ghost
 24727 | Lair:4   | Noticed Kirke
 24744 | Lair:4   | Killed Kirke
 24744 | Lair:4   | Reached skill level 15 in Armour
 24914 | Lair:4   | Got a jewelled chain mail
 24919 | Lair:4   | Identified the +1 chain mail of the Sparrow {rPois Stlth+} (You found it on level 4 of the Lair of Beasts)
 25262 | Lair:5   | Received a gift from Okawaru
 25493 | Lair:5   | Found a viscous altar of Jiyva.
 25501 | Lair:5   | Found a staircase to the Slime Pits.
 26359 | Lair:6   | Entered Level 6 of the Lair of Beasts
 26668 | Lair:6   | Reached XP level 15. HP: 95/109 MP: 12/15
 26909 | Lair:6   | Found a glowing golden altar of the Shining One.
 27112 | Lair:6   | Reached ****** piety under Okawaru
 27959 | Lair:6   | Received a gift from Okawaru
 29998 | Snake:1  | Entered Level 1 of the Snake Pit
 30801 | Snake:1  | Reached skill level 10 in Long Blades
 31015 | Snake:2  | Noticed Aizul
 31128 | Swamp:1  | Entered Level 1 of the Swamp
 31128 | Swamp:1  | Noticed a thorn hunter
 31142 | Lair:4   | Received a gift from Okawaru
 31700 | D:13     | Reached XP level 16. HP: 77/116 MP: 11/16
 31950 | D:14     | Noticed Louise
 32010 | D:13     | Killed Louise
 32559 | D:14     | Found a shimmering altar of Xom.
 32692 | D:14     | Received a gift from Okawaru
 33008 | D:14     | Found a gate to the Vaults.
 33305 | D:15     | Entered Level 15 of the Dungeon
 33517 | D:15     | HP: 5/117 [meliai/divine providence (12)]
 35075 | Lair:2   | Killed cellescent's ghost
 35712 | Snake:2  | Killed Aizul
 35759 | Snake:2  | Found a deep blue altar of Sif Muna.
 35871 | Snake:2  | Noticed a nagaraja
 35899 | Snake:2  | Killed a nagaraja
 35911 | Snake:2  | Received a gift from Okawaru
 35926 | Snake:2  | Got a bloodstained long sword {god gift}
 35930 | Snake:2  | Identified the +4 long sword of Premature Burial {elec, rPois Dex+3 SInv} (Okawaru gifted it to you on level 2 of the Snake Pit)
 36002 | Snake:2  | Noticed a nagaraja
 36023 | Snake:2  | Killed a nagaraja
 36447 | Snake:3  | Noticed Asterion
 36474 | Snake:3  | Noticed Vashnia
 36475 | Snake:3  | Killed Asterion
 36866 | Snake:3  | Reached XP level 17. HP: 91/124 MP: 12/17
 37178 | Snake:3  | Killed Vashnia
 37488 | Snake:3  | Noticed Saint Roka
 37884 | Snake:3  | Noticed Nikola
 38191 | Snake:3  | Received a gift from Okawaru
 38277 | Snake:3  | Killed Saint Roka
 38464 | Snake:3  | Noticed Agnes
 38481 | Snake:3  | Killed Agnes
 38969 | Snake:3  | Killed Nikola
 38969 | Snake:3  | Received a gift from Okawaru
 39414 | Snake:4  | Entered Level 4 of the Snake Pit
 40096 | D:11     | Upgraded the game from 0.21-a0-221-gfe971b9 to 0.21-a0-223-g812f45e
 40466 | Snake:4  | Reached XP level 18. HP: 71/132 MP: 12/18
 42206 | Snake:4  | Got a serpentine rune of Zot
 42448 | Snake:4  | Received a gift from Okawaru
 42451 | Snake:4  | Got an ichor-stained plate armour {god gift}
 42462 | Snake:4  | Identified the +0 plate armour of Starshine {rF- rC+ Str+5} (Okawaru gifted it to you on level 4 of the Snake Pit)
 43665 | Elf:1    | Entered Level 1 of the Elven Halls
 44194 | Elf:1    | Found Uheps's Assorted Antiques.
 44202 | Elf:1    | Bought a scroll of identify for 58 gold pieces
 44202 | Elf:1    | Bought a scroll labeled ATREOGHAXTE for 29 gold pieces
 44202 | Elf:1    | Bought a scroll labeled TOIFIF AGUTH for 29 gold pieces
 44202 | Elf:1    | Bought a scroll of identify for 58 gold pieces
 45155 | Elf:2    | Gained mutation: Your magical capacity is low. (-10% MP) [a neqoxec]
 46014 | Elf:2    | Received a gift from Okawaru
 46015 | Elf:2    | Found the +7 longbow "Piercer" {penet, EV-2}
 47621 | Snake:3  | Reached XP level 19. HP: 119/140 MP: 17/17
 47625 | Snake:3  | Reached skill level 1 in Bows
 48342 | Lair:1   | Upgraded the game from 0.21-a0-223-g812f45e to 0.21-a0-225-g207ae17
 48906 | Lair:3   | Upgraded the game from 0.21-a0-225-g207ae17 to 0.21-a0-227-g58a7c62
 49884 | Swamp:2  | Reached skill level 5 in Shields
 50234 | Swamp:2  | Received a gift from Okawaru
 51349 | Swamp:3  | Noticed johnnyzero's ghost (adept SpFi)
 51488 | Swamp:3  | Killed johnnyzero's ghost
 51963 | Swamp:3  | Noticed Roxanne
 52240 | Swamp:3  | Killed Roxanne
 52730 | Swamp:4  | Entered Level 4 of the Swamp
 53765 | Swamp:4  | Received a gift from Okawaru
 53946 | Swamp:4  | Upgraded the game from 0.21-a0-227-g58a7c62 to 0.21-a0-228-g14ccbf3
 54071 | Swamp:4  | Received a gift from Okawaru
 54776 | Swamp:4  | Got a decaying rune of Zot
 55297 | Vaults:1 | Entered Level 1 of the Vaults
 55301 | Vaults:1 | Reached XP level 20. HP: 148/148 MP: 18/18
 55598 | D:11     | Learned a level 3 spell: Regeneration
 56051 | Vaults:1 | Received a gift from Okawaru
 56083 | Vaults:1 | Reached skill level 10 in Shields
 56565 | Vaults:1 | Received a gift from Okawaru
 56575 | Vaults:1 | Got a warped hat {god gift}
 56586 | Vaults:1 | Identified the +2 hat of Charity {+Fly rF- Int+3 Dex+3} (Okawaru gifted it to you on level 1 of the Vaults)
 57205 | Vaults:1 | Found Feusmeef's Assorted Antiques.
 57228 | Vaults:1 | Bought a scroll of identify for 58 gold pieces
 57228 | Vaults:1 | Bought a scroll of enchant weapon for 217 gold pieces
 57949 | Elf:2    | Found a runed gate.
 57951 | Elf:2    | Found a runed gate.
 57954 | Elf:2    | Found a runed gate.
 59090 | Elf:1    | Upgraded the game from 0.21-a0-228-g14ccbf3 to 0.21-a0-229-g3587535
 59153 | Elf:2    | Cast into level 2 of the Abyss (long sword of distortion)
 59257 | Abyss:2  | Received a gift from Okawaru
 59258 | Abyss:2  | Got a polished spear {god gift}
 59568 | Abyss:2  | Paralysed by a wizard for 2 turns
 59612 | Abyss:2  | Reached XP level 21. HP: 32/155 MP: 8/19
 60008 | Elf:2    | Escaped the Abyss
 60210 | Elf:2    | Received a gift from Okawaru
 60234 | Elf:2    | Got a jewelled cloak {god gift}
 60245 | Elf:2    | Identified the +0 cloak "Seleyrph" {Regen+} (Okawaru gifted it to you on level 2 of the Elven Halls)
 60329 | Elf:2    | Reached skill level 15 in Long Blades
 60553 | Elf:3    | Entered Level 3 of the Elven Halls
 61265 | Elf:3    | Identified the +7 spear "Hydraslayer" {freeze, rN+ Int+3} (Okawaru gifted it to you on level 2 of the Abyss)
 61577 | Elf:3    | Cast into level 2 of the Abyss (a deep elf sorcerer)
 61584 | Abyss:2  | Found a corrupted altar of Lugonu.
 61671 | Elf:3    | Escaped the Abyss
 62516 | D:15     | Found a staircase to the Depths.
 63044 | Depths:1 | Entered Level 1 of the Depths
 63130 | Depths:1 | Found a gateway to a ziggurat.
 63143 | Depths:1 | Paralysed by a great orb of eyes for 7 turns
 63206 | Depths:1 | Noticed Mara
 63637 | Vaults:2 | Found a staircase to the Crypt.
 63637 | Vaults:2 | Found a basalt altar of Yredelemnul.
 63638 | Vaults:2 | Found an ancient bone altar of Kikubaaqudgha.
 64070 | Vaults:2 | Received a gift from Okawaru
 64137 | Vaults:2 | Found Xiacir's Jewellery Boutique.
 64148 | Vaults:2 | Bought the ring "Roedi" {rC+ EV+4} for 750 gold pieces
 64333 | Vaults:2 | Reached XP level 22. HP: 150/163 MP: 19/19
 64337 | Vaults:2 | Paralysed by an ogre mage for 7 turns
 64349 | Vaults:2 | Received a gift from Okawaru
 64500 | Vaults:2 | Reached skill level 15 in Shields
 64547 | Vaults:2 | Found Kibrul's General Store.
 64555 | Vaults:2 | Bought 3 fruits for 85 gold pieces
 64610 | Vaults:2 | Received a gift from Okawaru
 64718 | Vaults:2 | Cast into level 2 of the Abyss (a deep elf sorcerer)
 64718 | Abyss:2  | Found a corrupted altar of Lugonu.
 64895 | Abyss:2  | Found a corrupted altar of Lugonu.
 64924 | Abyss:2  | Found a corrupted altar of Lugonu.
 65429 | Vaults:2 | Escaped the Abyss
 65617 | Vaults:2 | Upgraded the game from 0.21-a0-229-g3587535 to 0.21-a0-238-geb0acef
 65617 | Vaults:2 | Upgraded the game from 0.21-a0-238-geb0acef to 0.21-a0-241-g2cbab09
 66801 | Vaults:3 | Found Kumm's Gadget Shoppe.
 66940 | Vaults:3 | Received a gift from Okawaru
 67821 | Vaults:4 | Received a gift from Okawaru
 67824 | Vaults:4 | Got an iridescent demon trident {god gift}
 67862 | Vaults:4 | Reached XP level 23. HP: 166/170 MP: 20/20
 69369 | D:11     | Identified the +3 demon trident of the Sea {flame, rElec} (Okawaru gifted it to you on level 4 of the Vaults)
 69585 | Depths:1 | Noticed heiberg's illusion
 69623 | D:15     | Noticed heiberg's illusion
 69855 | Vaults:5 | Entered Level 5 of the Vaults
 69968 | Vaults:4 | Received a gift from Okawaru
 69988 | Vaults:4 | Got an opalescent robe {god gift}
 70533 | Vaults:5 | Paralysed by a floating eye for 2 turns
 71050 | Vaults:5 | Reached XP level 24. HP: 171/176 MP: 20/20
 71102 | Vaults:4 | Identified the +0 robe "Zothryank" {Str+3} (Okawaru gifted it to you on level 4 of the Vaults)
 71122 | Vaults:4 | Received a gift from Okawaru
 72008 | Elf:3    | Got a translucent glaive {protect}
 72200 | Elf:3    | Cast into level 3 of the Abyss (a deep elf sorcerer)
 72268 | Abyss:3  | Gained mutation: You expend magic power (3 MP) to strengthen your wands. [a neqoxec]
 72398 | Abyss:3  | Gained mutation: Your body sometimes deteriorates upon taking damage. [a neqoxec]
 72698 | Elf:3    | Escaped the Abyss
 72714 | Elf:3    | Received a gift from Okawaru
 72717 | Elf:3    | Got a twitching marble ring
 72875 | Elf:3    | Got a brightly glowing dagger
 72892 | Elf:3    | Identified the Handbook of Supportive Transformation
 73356 | Elf:3    | Got a shimmering scale mail
 73520 | D:11     | Identified the ring of Vocetot {*Tele +Fly SInv} (You found it on level 3 of the Elven Halls)
 73543 | D:11     | Identified the +5 dagger of Starshine {flame, rN+ Str+2 SInv} (You found it on level 3 of the Elven Halls)
 73670 | Slime:1  | Entered Level 1 of the Pits of Slime
 73818 | Slime:2  | Reached skill level 1 in Short Blades
 74040 | Slime:1  | Gained mutation: Your body often deteriorates upon taking damage. [a shining eye]
 74046 | Slime:1  | Gained mutation: Your spells are a little easier to cast, but a little less powerful. [a shining eye]
 74048 | Slime:1  | Gained mutation: Your magical capacity is very low. (-20% MP) [a shining eye]
 74054 | Slime:1  | Gained mutation: Armour fits poorly on your strangely shaped body. [a shining eye]
 75050 | Vaults:5 | Received a gift from Okawaru
 75053 | Vaults:5 | Got a crystal falchion {god gift}
 75055 | Vaults:5 | Identified the +3 falchion "Demonbane" {drain, +Rage rPois rF+ SInv} (Okawaru gifted it to you on level 5 of the Vaults)
 75204 | Vaults:5 | Identified the Guide on Battle Magic
 75606 | D:15     | Noticed heiberg's illusion
 75749 | D:15     | Noticed heiberg's illusion
 75769 | D:15     | Killed Mara
 76009 | Depths:1 | Reached XP level 25. HP: 185/185 MP: 18/18
 76245 | Depths:1 | Found a huge runed gate.
 76248 | Depths:1 | Found a huge runed gate.
 76260 | Depths:1 | Found a runed door.
 76336 | Depths:1 | Found the +8 lance "Wyrmbane" {slay drac, rPois rF+ rC+ AC+3}
 76540 | Depths:1 | Paralysed by an ogre mage for 7 turns
 76597 | Depths:1 | Got a smoking shield
 76709 | Depths:1 | Found a gateway to Hell.
 76973 | Depths:1 | Found a huge runed gate.
 76973 | Depths:1 | Found a huge runed gate.
 76974 | Depths:1 | Found a huge runed gate.
 76974 | Depths:1 | Found a huge runed gate.
 76975 | Depths:1 | Found a huge runed gate.
 76976 | Depths:1 | Found a huge runed gate.
 76985 | Depths:1 | Found a huge runed gate.
 76985 | Depths:1 | Found a huge runed gate.
 76985 | Depths:1 | Found a huge runed gate.
 76985 | Depths:1 | Found a huge runed gate.
 77053 | Depths:1 | Received a gift from Okawaru
 77056 | Depths:1 | Got a bloodstained chain mail {god gift}
 77068 | Depths:1 | Identified the +0 shield of Free Expression {rF+ Regen+} (You found it on level 1 of the Depths)
 77213 | Depths:1 | Reached skill level 27 in Fighting
 77539 | Depths:2 | Noticed Sojobo
 77601 | Depths:1 | Killed Sojobo
 78070 | D:11     | Identified the +1 chain mail of Poduw {rPois} (Okawaru gifted it to you on level 1 of the Depths)
 78278 | D:11     | Identified the cursed +0 scale mail of Bukaluim {*Drain rF- Int+6 Dex+9} (You found it on level 3 of the Elven Halls)
 79114 | Depths:2 | Found a one-way gate leading to the halls of Pandemonium.
 79433 | Depths:2 | Paralysed by a vampire knight for 3 turns
 79471 | Depths:1 | Paralysed by a vampire knight for 6 turns
 79510 | Depths:1 | Paralysed by a vampire knight for 5 turns
 79730 | Depths:2 | Got a bone rapier {pain}
 79934 | Depths:2 | Received a gift from Okawaru
 79937 | Depths:2 | Got a jewelled hat {god gift}
 79948 | Depths:2 | Identified the -4 hat of Beauty {rC- Regen+ Dex-2 Stlth+} (Okawaru gifted it to you on level 2 of the Depths)
 80471 | Depths:3 | Noticed the Enchantress
 80475 | Depths:3 | Noticed Mennas
 81346 | Depths:3 | Reached skill level 10 in Polearms
 81496 | Depths:3 | Killed Mennas
 81602 | Depths:2 | Killed the Enchantress
 81602 | Depths:2 | Reached XP level 26. HP: 174/193 MP: 15/18
 81606 | Depths:2 | Got faerie dragon scales
 81617 | Depths:2 | Identified the +6 faerie dragon scales {rPois rCorr Str+6 Slay+3} (You took it off the Enchantress on level 2 of the Depths)
 82323 | Depths:3 | Noticed a juggernaut
 82346 | Depths:3 | Killed a juggernaut
 83073 | Depths:4 | Received a gift from Okawaru
 83737 | Depths:4 | Found a one-way gate to the infinite horrors of the Abyss.
 84316 | Depths:4 | Found Diwny's Magic Scroll Shop.
 84324 | Depths:4 | Bought a scroll of identify for 40 gold pieces
 84324 | Depths:4 | Bought a scroll of identify for 40 gold pieces
 84324 | Depths:4 | Bought a scroll of enchant armour for 150 gold pieces
 84324 | Depths:4 | Bought a scroll of magic mapping for 70 gold pieces
 84324 | Depths:4 | Bought a scroll of teleportation for 60 gold pieces
 84324 | Depths:4 | Bought a scroll of identify for 40 gold pieces
 84324 | Depths:4 | Identified the +2 rapier of the Mind {pain, *Noise MR++ Str+4 Int-3} (You took it off a wizard on level 2 of the Depths)
 85201 | Vaults:4 | Received a gift from Okawaru
 85920 | Orc:2    | Bought the amulet of Etetog {Gourm Str+4 Dex+2} for 595 gold pieces
 86498 | Depths:5 | Entered Level 5 of the Depths
 86513 | Depths:5 | Reached XP level 27. HP: 174/199 MP: 18/18
 86722 | Depths:5 | Got a bound pewter ring
 86736 | Depths:5 | Found a snail-covered altar of Cheibriados.
 86750 | Depths:5 | Received a gift from Okawaru
 86922 | Depths:5 | Got a crystal mace {drain}
 86931 | Depths:5 | Got a steaming tin ring
 86941 | Depths:5 | Found a shimmering altar of Xom.
 87166 | Depths:5 | Paralysed by a floating eye for 4 turns
 87291 | Depths:5 | Got a slimy steel ring
 87494 | Depths:5 | Received a gift from Okawaru
 87510 | Depths:5 | Got bronze ice dragon scales {god gift}
 87550 | Depths:5 | Noticed a juggernaut
 87569 | Depths:5 | Killed a juggernaut
 87776 | Depths:5 | Paralysed by a vampire knight for 2 turns
 87998 | Depths:5 | Found a gate to the Realm of Zot.
 88023 | Depths:5 | Noticed a juggernaut
 88040 | Depths:5 | Killed a juggernaut
 88040 | Depths:5 | Paralysed by a sphinx for 4 turns
 88094 | Depths:5 | Paralysed by a great orb of eyes for 3 turns
 88219 | Depths:5 | Identified the cursed +1 mace of Experimentation {drain, *Slow rPois rN+} (You took it off a deep elf elementalist on level 5 of the Depths)
 88220 | Depths:5 | Identified the +3 ice dragon scales of Poor Excuses {+Fly rF- rC++ MR+ Str+3 Dex+4} (Okawaru gifted it to you on level 5 of the Depths)
 88221 | Depths:5 | Identified the ring "Nuneal" {rElec MR+ Dex+2} (You took it off a yaktaur captain on level 5 of the Depths)
 88222 | Depths:5 | Identified the ring "Levirycvo" {*Drain rPois rF+ rN+ MR+} (You took it off a spriggan berserker on level 5 of the Depths)
 88223 | Depths:5 | Identified the ring of Firewket {Wiz rPois Str-3 Dex+5 SInv} (You found it on level 5 of the Depths)
 88710 | Depths:5 | Voluntarily entered the Abyss.
 88808 | Abyss:1  | Noticed an ancient lich
 88816 | Abyss:1  | Killed an ancient lich
 88870 | Abyss:1  | Found a corrupted altar of Lugonu.
 88897 | Abyss:1  | Got a transparent great sword
 89250 | Depths:5 | Escaped the Abyss
 89268 | Depths:5 | Got a crude chain mail
 89334 | Depths:5 | Voluntarily entered the Abyss.
 89609 | Abyss:1  | Received a gift from Okawaru
 89664 | Abyss:1  | Paralysed by accursed screaming for 1 turns
 89706 | Abyss:1  | Noticed an ancient lich
 89781 | Abyss:1  | Killed an ancient lich
 89867 | Abyss:1  | Got a transparent shortbow
 90110 | Abyss:1  | Reached skill level 5 in Invocations
 90712 | Abyss:1  | Received a gift from Okawaru
 90715 | Abyss:1  | Got a transparent rapier {god gift}
 90768 | Abyss:1  | Reached skill level 1 in Evocations
 91139 | Abyss:1  | Reached skill level 10 in Invocations
 91301 | Abyss:1  | Found an ancient bone altar of Kikubaaqudgha.
 91402 | Abyss:1  | Found a corrupted altar of Lugonu.
 91447 | Abyss:1  | Gained mutation: Your spells are easier to cast, but less powerful. [a neqoxec]
 91511 | Abyss:1  | Lost mutation: Your body often deteriorates upon taking damage. [a shining eye]
 91513 | Abyss:1  | Gained mutation: You are occasionally teleported next to monsters. [a shining eye]
 91948 | Abyss:1  | Received a gift from Okawaru
 92241 | Depths:5 | Escaped the Abyss
 92364 | Depths:1 | Received a gift from Okawaru
 92368 | Depths:1 | Got a slimy arbalest {god gift}
 92767 | Depths:5 | Voluntarily entered the Abyss.
 92767 | Abyss:1  | Found a corrupted altar of Lugonu.
 92910 | Abyss:1  | Found a corrupted altar of Lugonu.
 93553 | Depths:5 | Escaped the Abyss
 93555 | Depths:5 | Voluntarily entered the Abyss.
 93589 | Abyss:1  | Found a basalt altar of Yredelemnul.
 93604 | Abyss:1  | Found a corrupted altar of Lugonu.
 93613 | Depths:5 | Escaped the Abyss
 93615 | Depths:5 | Voluntarily entered the Abyss.
 93695 | Abyss:1  | Reached skill level 1 in Charms
 93959 | Depths:5 | Escaped the Abyss
 93964 | Depths:5 | Voluntarily entered the Abyss.
 94044 | Abyss:1  | Reached skill level 5 in Charms
 94148 | Abyss:1  | Found a burning altar of Makhleb.
 94159 | Abyss:1  | Received a gift from Okawaru
 94523 | Abyss:1  | Received a gift from Okawaru
 94554 | Abyss:1  | Got a steaming shield {god gift}
 94636 | Abyss:1  | Identified the +0 shield "Biuxes" {rF+} (Okawaru gifted it to you on level 1 of the Abyss)
 94653 | Abyss:1  | Found a viscous altar of Jiyva.
 94693 | Depths:5 | Escaped the Abyss
 95005 | Vaults:5 | Noticed an ancient lich
 95283 | Vaults:5 | Got an uncursed fine broad axe {chop}
 95398 | Vaults:5 | Killed an ancient lich
 95402 | Vaults:5 | Reached skill level 10 in Charms
 95775 | Vaults:5 | Got a pitted crystal amulet
 96245 | D:11     | Identified the amulet "Voaschur" {Faith Int+2} (You took it off a vault warden on level 5 of the Vaults)
 96620 | Vaults:5 | Got a silver rune of Zot
 96636 | Vaults:5 | Got a scorched cloak
 96689 | Vaults:5 | Identified the +1 cloak "Gameted" {Int+2 Dex-3 SInv} (You found it on level 5 of the Vaults)
 96751 | Vaults:5 | Found the +10 mace of Variability {chaos}
 96825 | Vaults:5 | Got a smoking plate armour
 96919 | Vaults:5 | Got a fine platinum ring
 97271 | Vaults:5 | Got a coiled tin ring
 97280 | Vaults:5 | Got a scorched shield
 97733 | D:11     | Upgraded the game from 0.21-a0-241-g2cbab09 to 0.21-a0-243-g597973d
 97738 | D:11     | Identified the +4 broad axe "Mil Goewk" {chop, rElec rF+ Int+4} (You found it on level 5 of the Vaults)
 97740 | D:11     | Identified the +2 rapier "Xavofi" {venom, MR+ Stlth+} (Okawaru gifted it to you on level 1 of the Abyss)
 97741 | D:11     | Identified the cursed +2 shortbow of Red Wine {flame, rElec rF+} (You found it on level 1 of the Abyss)
 98035 | Depths:5 | Voluntarily entered the Abyss.
 98044 | Abyss:1  | Found a corrupted altar of Lugonu.
 98262 | Abyss:1  | Received a gift from Okawaru
 98262 | Abyss:1  | Reached skill level 5 in Axes
 99014 | Abyss:1  | Gained mutation: Your spells are much easier to cast, but much less powerful. [a neqoxec]
 99374 | Abyss:1  | Noticed an ancient lich
 99393 | Abyss:1  | Killed an ancient lich
 99549 | Abyss:1  | Received a gift from Okawaru
 99563 | Abyss:1  | Got a polished double sword {god gift}
 99564 | Abyss:1  | Identified the +9 double sword of Inference {slice, +Inv rC+ Str+2 Int-5} (Okawaru gifted it to you on level 1 of the Abyss)
 99954 | Abyss:1  | Gained mutation: Your magical capacity is extremely low. (-30% MP) [a neqoxec]
100324 | Abyss:1  | Reached skill level 1 in Necromancy
100468 | Abyss:1  | Found a corrupted altar of Lugonu.
100743 | Depths:5 | Escaped the Abyss
101207 | Depths:5 | Voluntarily entered the Abyss.
101215 | Abyss:1  | Gained mutation: Your body often deteriorates upon taking damage. [a neqoxec]
101305 | Abyss:1  | Gained mutation: You are clumsy. (Dex -2) [a cacodemon]
101306 | Abyss:1  | Received a gift from Okawaru
101348 | Abyss:1  | Lost mutation: You expend magic power (3 MP) to strengthen your wands. [a shining eye]
101353 | Abyss:1  | Gained mutation: You can translocate small distances at will. [a shining eye]
101371 | Abyss:1  | Gained mutation: Potions are less effective at restoring your health. [a shining eye]
101412 | Abyss:1  | Paralysed by accursed screaming for 1 turns
101474 | Abyss:1  | Gained mutation: Scrolls take you a little longer to read. [a neqoxec]
101475 | Abyss:1  | Gained mutation: You are dopey. (Int -2) [a neqoxec]
101533 | Abyss:1  | Identified a +0 pair of boots of running (Okawaru gifted it to you on level 1 of the Abyss)
101595 | Abyss:1  | Found a snail-covered altar of Cheibriados.
102673 | Abyss:1  | Reached skill level 5 in Necromancy
103415 | Abyss:1  | Received a gift from Okawaru
103886 | Abyss:1  | Reached skill level 1 in Stealth
104313 | Abyss:1  | Found a corrupted altar of Lugonu.
104502 | Abyss:1  | Paralysed by accursed screaming for 1 turns
104765 | Abyss:1  | Received a gift from Okawaru
104768 | Abyss:1  | Got a jewelled shortbow {god gift}
105056 | Abyss:1  | Gained mutation: You are weak. (Str -2) [a neqoxec]
105323 | Abyss:1  | Paralysed by accursed screaming for 1 turns
105382 | Depths:5 | Escaped the Abyss
105881 | Depths:5 | Voluntarily entered the Abyss.
106549 | Abyss:1  | Received a gift from Okawaru
106820 | Abyss:1  | Found a corrupted altar of Lugonu.
107063 | Abyss:1  | Received a gift from Okawaru
107142 | Abyss:1  | Found an ancient bone altar of Kikubaaqudgha.
107179 | Depths:5 | Escaped the Abyss
107181 | Depths:5 | Voluntarily entered the Abyss.
107181 | Abyss:1  | Found a corrupted altar of Lugonu.
107391 | Abyss:1  | Found a burning altar of Makhleb.
109207 | Abyss:1  | Received a gift from Okawaru
109221 | Abyss:1  | Found a blossoming altar of Fedhas.
109456 | Abyss:1  | Received a gift from Okawaru
109683 | Abyss:1  | Found a corrupted altar of Lugonu.
110108 | Depths:5 | Escaped the Abyss
110651 | Vaults:5 | Got a flickering wooden ring
110681 | Vaults:5 | Identified the Collected Works on Dislocation and Augmentations
110701 | Vaults:5 | Got a fine plate armour
110713 | Vaults:5 | Got a steaming quick blade {pierce}
111467 | Crypt:1  | Entered Level 1 of the Crypt
111504 | Crypt:1  | Reached skill level 27 in Long Blades
111595 | Crypt:1  | Reached skill level 10 in Axes
111758 | Crypt:1  | Found a basalt altar of Yredelemnul.
112549 | Crypt:2  | Noticed Khufu
112578 | Crypt:2  | Noticed a greater mummy
112593 | Crypt:2  | Noticed a greater mummy
112602 | Crypt:2  | Killed Khufu
112622 | Crypt:2  | Killed a greater mummy
112641 | Crypt:2  | Killed a greater mummy
113062 | Crypt:3  | Entered Level 3 of the Crypt
113164 | Crypt:3  | Received a gift from Okawaru
113367 | Crypt:3  | Noticed Xtahua
113377 | Crypt:3  | Killed Xtahua
113532 | Crypt:3  | Found a staircase to the Tomb.
113612 | Crypt:3  | Received a gift from Okawaru
113676 | Crypt:3  | Found an ancient bone altar of Kikubaaqudgha.
113676 | Crypt:3  | Found a basalt altar of Yredelemnul.
113724 | Crypt:3  | Got an ancient jade ring
113724 | Crypt:3  | Got a vibrating bone ring
113747 | Crypt:3  | Identified the Tome of Sinister Rites
113916 | Crypt:3  | Reached skill level 15 in Axes
114247 | Crypt:3  | Reached skill level 15 in Invocations
114666 | D:11     | Learned a level 8 spell: Controlled Blink
114926 | Depths:5 | Voluntarily entered the Abyss.
114994 | Abyss:1  | Reached skill level 1 in Translocations
115102 | Abyss:1  | Found a corrupted altar of Lugonu.
115165 | Abyss:1  | Paralysed by accursed screaming for 1 turns
115192 | Abyss:1  | Found a corrupted altar of Lugonu.
115639 | Abyss:1  | Reached skill level 5 in Translocations
116238 | Abyss:2  | Received a gift from Okawaru
116397 | Abyss:2  | Found a corrupted altar of Lugonu.
116536 | Abyss:2  | Gained mutation: You are very dopey. (Int -4) [a cacodemon]
116647 | Abyss:2  | Found a burning altar of Makhleb.
116749 | Abyss:2  | Reached skill level 1 in Dodging
117690 | Abyss:2  | Lost mutation: Armour fits poorly on your strangely shaped body. [a neqoxec]
117700 | Abyss:2  | Received a gift from Okawaru
117858 | Abyss:2  | Found a snail-covered altar of Cheibriados.
117889 | Abyss:2  | Found a snail-covered altar of Cheibriados.
118051 | Abyss:2  | Found a snail-covered altar of Cheibriados.
118112 | Abyss:2  | Received a gift from Okawaru
118112 | Abyss:2  | Reached skill level 5 in Dodging
118838 | Abyss:2  | Found a corrupted altar of Lugonu.
118838 | Abyss:2  | Found a deep blue altar of Sif Muna.
119304 | Abyss:2  | Found a corrupted altar of Lugonu.
120076 | Abyss:2  | Gained mutation: Scrolls take you longer to read. [a neqoxec]
120096 | Abyss:2  | Received a gift from Okawaru
120145 | Depths:5 | Escaped the Abyss
120147 | Depths:5 | Voluntarily entered the Abyss.
120193 | Abyss:1  | Paralysed by accursed screaming for 1 turns
120322 | Abyss:1  | Found an ornate altar of the Wu Jian Council.
120477 | Abyss:1  | Received a gift from Okawaru
120480 | Abyss:1  | Got a distressingly furry scale mail {god gift}
120578 | Abyss:1  | Found a corrupted altar of Lugonu.
121101 | Abyss:2  | Got a shimmering mace
121116 | Abyss:2  | Found a corrupted altar of Lugonu.
122081 | Abyss:2  | Gained mutation: You expend magic power (3 MP) to strengthen your wands. [a shining eye]
122155 | Depths:5 | Escaped the Abyss
122182 | Depths:5 | Identified the +7 mace of Regicide {chaos, +Blink} (You found it on level 2 of the Abyss)
122184 | Depths:5 | Identified the +5 scale mail of the Suburbs {rC+} (Okawaru gifted it to you on level 1 of the Abyss)
122403 | D:11     | Identified the +7 shortbow "Tuluun" {venom, MR+ Stlth+} (Okawaru gifted it to you on level 1 of the Abyss)
122433 | D:11     | Identified the +0 chain mail of the Cast Vote {rF+ MR++ SInv Stlth+} (You found it on level 5 of the Depths)
122435 | D:11     | Identified the +9 plate armour "Losib" {rC+} (You found it on level 5 of the Vaults)
122437 | D:11     | Identified the +2 shield "Osoass" {rF+ Dex+3 Slay+2} (You acquired it on level 5 of the Vaults)
122439 | D:11     | Identified the cursed +0 plate armour of Rozoz {Int+3 Slay+2} (You found it on level 5 of the Vaults)
122470 | D:11     | Identified the ring "Elaik" {*Drain rElec MP+9 AC+5 Int-3} (You took it off a yaktaur on level 5 of the Vaults)
122472 | D:11     | Identified the ring of the Centipede {+Inv rN+ Dex+2} (You found it on level 3 of the Crypt)
122474 | D:11     | Identified the ring of Xergh {rElec rF+} (You found it on level 5 of the Vaults)
122476 | D:11     | Identified the ring of Ojidaghu {+Fly rN+ MR- Str+5 Int+3} (You found it on level 3 of the Crypt)
122478 | D:11     | Identified the ring "Muklul" {rCorr +Fly rF- Dex+5} (You took it off a deep elf mage on level 5 of the Vaults)
122770 | Depths:5 | Voluntarily entered the Abyss.
122778 | Abyss:1  | Received a gift from Okawaru
122779 | Abyss:1  | Found the +8 trident of the Octopus King {venom, rElec rPois MR+}
122807 | Abyss:1  | Found a sparkling altar of Nemelex Xobeh.
122917 | Abyss:1  | Noticed an ancient lich
122925 | Abyss:1  | Killed an ancient lich
122984 | Abyss:1  | Found a roughly hewn altar of Beogh.
123394 | Abyss:1  | Found a corrupted altar of Lugonu.
123484 | Abyss:1  | Received a gift from Okawaru
123614 | Abyss:2  | Got a bound iron ring
123736 | Abyss:2  | Gained mutation: You are very clumsy. (Dex -4) [a neqoxec]
123999 | Abyss:2  | Gained mutation: Scrolls take you much longer to read. [a shining eye]
124002 | Abyss:2  | Gained mutation: Armour fits poorly on your strangely shaped body. [a shining eye]
124663 | Abyss:2  | Received a gift from Okawaru
124927 | Abyss:2  | Paralysed by you for 5 turns
125136 | Abyss:2  | Paralysed by accursed screaming for 1 turns
125155 | Abyss:2  | Gained mutation: You are very weak. (Str -4) [a neqoxec]
125445 | Abyss:2  | Gained mutation: You occasionally shout uncontrollably at your foes. [a neqoxec]
125450 | Abyss:2  | Gained mutation: You do not regenerate when monsters are visible. [a neqoxec]
125452 | Abyss:2  | Gained mutation: You are frail. (-10% HP) [a neqoxec]
125800 | Abyss:2  | Paralysed by accursed screaming for 1 turns
125822 | Abyss:2  | Found a corrupted altar of Lugonu.
126117 | Abyss:2  | Found a corrupted altar of Lugonu.
126552 | Abyss:2  | Got a fine plate armour
126621 | Abyss:2  | Paralysed by accursed screaming for 1 turns
127114 | Abyss:2  | Received a gift from Okawaru
127208 | Depths:5 | Escaped the Abyss
127434 | D:11     | Identified the +2 plate armour of the Ward {rC- MR+++ SInv Stlth+} (You found it on level 2 of the Abyss)
127437 | D:11     | Identified the ring of Vaoprinn {rCorr Dex-2 Slay+5} (You found it on level 2 of the Abyss)
127729 | Depths:5 | Voluntarily entered the Abyss.
127834 | Abyss:1  | Reached skill level 27 in Armour
127904 | Depths:5 | Escaped the Abyss
128278 | D:11     | Found the +18 shield of the Gong {rElec rN+ MR+ EV-5}
128278 | D:11     | Got a pair of faintly glowing gloves
128278 | D:11     | Got a pair of translucent boots
128292 | D:11     | Identified the +0 pair of boots of the Pits of Slime {rElec rC- rN+ Dex+6} (You acquired it on level 11 of the Dungeon)
128295 | D:11     | Identified the -4 pair of gloves of the Sky {rN+++ Dex-2} (You acquired it on level 11 of the Dungeon)
128540 | Zot:1    | Entered Level 1 of the Realm of Zot
128977 | Depths:5 | Received a gift from Okawaru
129178 | Zot:1    | Found a transporter.
129338 | Zot:1    | Found a transporter.
130129 | Zot:2    | Received a gift from Okawaru
130844 | Zot:2    | Cast into level 5 of the Abyss (a Zot trap)
130844 | Abyss:5  | Entered Level 5 of the Abyss
130907 | Abyss:5  | Received a gift from Okawaru
130939 | Abyss:5  | Gained mutation: Potions are poor at restoring your health. [a neqoxec]
131001 | Zot:2    | Escaped the Abyss
131171 | Zot:2    | Upgraded the game from 0.21-a0-243-g597973d to 0.21-a0-251-g5e8393f
132417 | Zot:4    | Received a gift from Okawaru
133419 | Zot:5    | Entered Level 5 of the Realm of Zot
133619 | Zot:5    | Noticed beep's ghost (legendary DsAK)
133631 | Zot:5    | Received a gift from Okawaru
133783 | Zot:5    | Noticed an ancient lich
133803 | Zot:5    | Killed an ancient lich
133869 | Zot:5    | Killed beep's ghost
133927 | Zot:5    | Noticed an ancient lich
133932 | Zot:5    | Killed an ancient lich
133964 | Zot:5    | Noticed an ancient lich
133974 | Zot:5    | Noticed an ancient lich
133977 | Zot:5    | Noticed an ancient lich
133978 | Zot:5    | Paralysed by the power of Zot for 5 turns
133980 | Zot:5    | Noticed an orb of fire
133983 | Zot:5    | Mangled by an Orb Guardian

Vault maps used:
D:1:      dpeg_arrival_lava_temple_mockup
D:2:      uniq_robin
D:3:      lemuel_crystal_altar, first_bread
D:5:      vehumet_crystals, grunt_qazlal_sundering
D:6:      tso_oasis_becter, minmay_temple_entry_statues_pillars,
          mrwooster_statue_mirror, uniq_duvessa
D:7:      nicolae_gozag_cash_rules_everything_around_me
D:8:      grunt_temple_overflow_open, nicolae_ru_sacrificial_ziggurat,
          guppyfry_shop_venom, uniq_erica, uniq_grum, uniq_joseph
D:9:      marbit_many_paths, nicolae_overflow_crystal_walls,
          hangedman_little_slice_of_home, minmay_misc_feat_rugged
D:10:     roderic_cross_of_infinity, kennysheep_diamond,
          hangedman_decor_clover_reticule
D:11:     lair_entry_dummy, zombieorc2_lemuel
D:12:     serial_shops, shop
D:13:     enter_bailey_3, enter_trove_2
D:14:     gargoyle_guard, hangedman_vaults_entry_quadrant_bands, basic_altar,
          minivault_1, uniq_louise
D:15:     gammafunk_depths_entry_grave, grunt_decor_fettered
Temple:   minmay_temple_bridge_abc
Lair:1:   lemuel_slime, minivault_11, beast_lair_carwin_5, grunt_megastairs_3
Lair:2:   hangedman_lair_generics_rect
Lair:3:   minmay_snake_entry_guardpost_small, uniq_snorg
Lair:4:   cheibrodos_lair_river_kwai, minmay_swamp_entry_wisps, uniq_kirke
Lair:5:   slime_altar_1
Lair:6:   minmay_lair_end_enchanted_forest, basic_altar, serial_bayou_lagoon_a,
          kennysheep_abandoned_house
Swamp:1:  hangedman_swamp_diagram
Swamp:2:  evilmike_swamp_ruin_house_3, swamp_pool1
Swamp:3:  evilmike_swamp_ruin_rubble_1, uniq_roxanne
Swamp:4:  swamp_fiery, swamp_pool1, infiniplex_staircase_pool
Snake:1:  portal_ice_cave_entry_pillars_1, serial_bayou_shore_b
Snake:2:  basic_altar, uniq_aizul
Snake:3:  basic_loot_grate_trap, spider_trap, guppyfry_snake_island,
          serial_bayou_shore_b, uniq_asterion, uniq_vashnia, uniq_agnes,
          uniq_saint_roka, uniq_nikola
Snake:4:  snake_pit, nicolae_snake_double_loop
Slime:2:  uniq_dissolution
Orc:2:    grunt_orc_cross, lab_entry_generic, serial_shops, bzr_in_the_mist
Elf:1:    serial_shops, nicolae_shop_overgrown_old_shop,
          minmay_elf_crystal_hexagon, st_stairs_11
Elf:3:    minmay_elf_hall
Vaults:1: v_misc_2, ontoclasm_vaults_bender, grunt_vaults_diagonal,
          nicolae_vaults_good_morning_starshine, ontoclasm_vaults_misaligned,
          ontoclasm_vaults_claustrophobia, nicolae_vaults_network_barrier,
          vaults_room_grunt_arrival_ludios, nicolae_vaults_shelves_hall,
          nicolae_vaults_specimen_jars, nicolae_vaults_rhombus_5, serial_shops,
          shop_fountains
Vaults:2: minmay_crypt_entry_necro_gods, vaults_mumra_bighexcomb,
          vaults_room_stairs_pillars, ontoclasm_vaults_ligature,
          vaults_dpeg_cross, vaults_mumra_hex, grunt_vaults_funnel,
          nicolae_vaults_little_ls, vaults_room_grid,
          ontoclasm_vaults_ring_square, serial_shops, nicolae_shop_stone, shop
Vaults:3: nicolae_vaults_shelves_hall, vaults_dpeg_diagonal,
          nicolae_vaults_little_squares_1,
          vaults_standard_mumra_enter_the_diamond, nicolae_vaults_puzzle_piece,
          vaults_dpeg_ring, dpeg_vaults_monster_row, v_misc_27, v_misc_2,
          hangedman_vaults_snaps, serial_shops, shop
Vaults:4: nicolae_vaults_triangles, v_misc_1, nicolae_vaults_circle_grid_a,
          st_star, v_misc_4, hangedman_vaults_corner, grunt_vaults_focal,
          nicolae_vaults_network_s, hangedman_vaults_variations,
          ontoclasm_vaults_idyll
Vaults:5: serial_shops
Crypt:1:  minmay_large_rounded_square, lemuel_statue_altar,
          grunt_crypt_arrival_split
Crypt:2:  chequers_big_river, uniq_khufu
Crypt:3:  lightli_unholy_cathedral, tomb_entry_shell_bobbens, st_stairs_5,
          hex_large, uniq_xtahua
Depths:1: enter_ziggurat_a, serial_sigils_hangedman_etch, lightli_too_deep,
          hangedman_decor_peaks_small, minmay_st_funbox, moated_statue,
          st_stairs_7, serial_bayou_ford_a, grunt_ministairs_4, door_vault,
          uniq_mara
Depths:2: hangedman_cross_stitches, hell_entry, rand_demon_pan_entry_3,
          grunt_decor_cap, lemuel_another_geyser, infiniplex_staircase_pool_1,
          uniq_sojobo
Depths:3: kennysheep_green_arena, rand_demon_pan_entry_8, hell_entry,
          roderic_roman_lattice, serial_bayou_shore_b, uniq_mennas,
          uniq_enchantress
Depths:4: mu_elephants_graveyard, rand_demon_pan_entry_1, serial_shops, shop,
          grunt_hell_entry_dis_grunt, abyss_entry_small_statue_room
Depths:5: hangedman_spin_cycle, hell_entry, abyss_entry, serial_shops
Zot:1:    gammafunk_dig_for_victory, evilmike_ambush
Zot:2:    st_stairs_3
Zot:5:    hangedman_zot_decor_checkerboard
Abyss:1:  bh_silent_lugonu_exit, hangedman_eye_storm, minivault_23, minivault_1,
          evilmike_abyss_exit_10, hangedman_illusive_loot,
          hangedman_abyss_or_decor_clamps, minivault_27,
          hangedman_abyss_stitches_cave, minivault_25_ag
Abyss:2:  evilmike_abyss_exit_8, hangedman_stitches_earthworm, abyss_exit_lava,
          bh_abyss_exit_grid, lemuel_firewalk_3, evilmike_abyss_exit_mutagenic
Abyss:3:  hangedman_abyss_overflow_altar
Abyss:5:  evilmike_abyss_exit_12, hangedman_abyss_or_decor_passed,
          nicolae_abyss_rune_left_handed, patterned_corridor
Bailey:   bailey_axe_of_yendor_kennysheep, bailey

Skill      XL: |  1  2  3  4  5  6  7  8  9 10 11 12 13 14 15 16 17 18 19 20 21 22 23 24 25 26 27 |
---------------+----------------------------------------------------------------------------------+-----
Axes           | 2 3 26 | 26.4
Fighting       | 4 5 6 7 10 13 15 17 18 19 20 21 22 23 24 25 26 27 | 27.0
Polearms       | 2 4 5 7 10 11 | 11.4
Armour         | 4 6 9 13 16 18 20 22 23 27 | 27.0
Long Blades    | 2 5 10 12 13 14 15 16 17 19 27 | 27.0
Bows           | 1 |  1.8
Shields        | 9 12 14 17 19 20 | 20.0
Short Blades   | 4 |  4.4
Invocations    | 15 | 15.4
Evocations     | 1 |  1.2
Charms         | 13 | 13.3
Necromancy     | 7 |  7.5
Stealth        | 1 |  1.0
Translocations | 8 |  8.7
Dodging        | 6 |  6.6

Action                   |  1- 3 |  4- 6 |  7- 9 | 10-12 | 13-15 | 16-18 | 19-21 | 22-24 | 25-27 || total
-------------------------+-------+-------+-------+-------+-------+-------+-------+-------+-------++-------
Melee: War axe           |   143 |    15 |       |       |       |       |       |       |       ||   158
       Spear             |       |   129 |   239 |  1055 |  1504 |       |       |       |   244 ||  3171
       Scimitar          |       |       |       |    28 |   762 |   620 |  2540 |  2405 |  3917 || 10272
       Long sword        |       |       |       |       |       |  1487 |   128 |       |       ||  1615
       Trident           |       |       |       |       |       |    13 |       |       |       ||    13
       Dagger            |       |       |       |       |       |       |       |    62 |       ||    62
       Broad axe         |       |       |       |       |       |       |       |       |  4308 ||  4308
       Double sword      |       |       |       |       |       |       |       |       |  3083 ||  3083
 Fire: Longbow           |       |       |       |       |       |    25 |    12 |       |       ||    37
 Cast: Regeneration      |       |       |       |       |       |       |       |       |   125 ||   125
Invok: Heroism           |       |       |       |       |     8 |     8 |     2 |    17 |    12 ||    47
       Finesse           |       |       |       |       |       |     3 |     2 |     5 |    29 ||    39
 Abil: Fly               |       |       |       |       |       |       |     1 |       |     1 ||     2
       Stop Flying       |       |       |       |       |       |       |       |       |     1 ||     1
Evoke: Wand              |       |       |       |       |       |       |    10 |       |     1 ||    11
  Use: Scroll            |       |     3 |       |    12 |    15 |    19 |    26 |    20 |    60 ||   155
       Potion            |       |       |       |       |       |     5 |     3 |    11 |    13 ||    32
 Stab: Distracted        |       |       |     1 |       |       |       |       |       |    49 ||    50
       Confused          |       |       |       |       |       |       |     2 |       |       ||     2
       Paralysed         |       |       |       |       |       |       |       |     1 |     1 ||     2
       Invisible         |       |       |       |       |       |       |       |       |     6 ||     6
       Sleeping          |       |       |       |       |       |       |       |       |     2 ||     2
  Eat: Chunk             |     2 |     6 |     3 |    22 |    39 |    18 |    25 |    21 |   215 ||   351
       Bread ration      |       |       |     2 |     2 |     4 |     8 |     7 |     4 |     5 ||    32
       Meat ration       |       |       |       |       |       |       |       |     1 |       ||     1
Armor: Scale mail        |    90 |    40 |    75 |   604 |       |       |       |       |       ||   809
       Chain mail        |       |       |       |    79 |   295 |       |       |       |       ||   374
       Crystal plate arm |       |       |       |       |  1803 |  1595 |  1170 |       |       ||  4568
       Fire dragon scale |       |       |       |       |       |       |   525 |   912 |   488 ||  1925
       Plate armour      |       |       |       |       |       |       |       |       |     7 ||     7
       Acid dragon scale |       |       |       |       |       |       |       |       |  3270 ||  3270
       Skin              |       |       |       |       |       |       |       |       |     1 ||     1
Dodge: Dodged            |    50 |    21 |    40 |   246 |   338 |   217 |   446 |   703 |  2709 ||  4770
Block: Shield            |    95 |    39 |    74 |   322 |  1221 |  1265 |  2084 |  2018 |  7361 || 14479
       Large shield      |       |       |       |       |       |   102 |       |       |       ||   102
       Reflection        |       |       |       |       |       |   167 |   115 |   189 |    19 ||   490
       Rpst.: Scimitar   |       |       |       |     2 |    33 |    11 |    81 |   118 |   153 ||   398
       Long sword        |       |       |       |       |       |    29 |     5 |       |       ||    34
       Double sword      |       |       |       |       |       |       |       |       |   117 ||   117

Table legend:
 A = Spawn XP
 B = Non-spawn XP
 C = Spawn XP percentage of total XP
 D = Spawn monster count
 E = Non-spawn monster count
 F = Spawn count percentage of total count
 G = Total turns spent on level
                    A         B        C        D         E        F      G
               +---------+---------+-------+---------+---------+-------+---------
         Total | 1056671 | 2306399 |  31.4 |    1934 |    3560 |  35.2 | 133983
               +---------+---------+-------+---------+---------+-------+---------
           D:1 |       2 |      33 |   5.7 |       1 |      16 |   5.9 |   887
           D:2 |       2 |      84 |   2.3 |       2 |      31 |   6.1 |   767
           D:3 |      11 |      47 |  19.0 |       3 |      22 |  12.0 |   830
           D:4 |      29 |     132 |  18.0 |       3 |       8 |  27.3 |   782
           D:5 |       7 |     757 |   0.9 |       3 |      23 |  11.5 |  1081
           D:6 |     151 |     722 |  17.3 |       6 |      10 |  37.5 |  1618
           D:7 |     325 |     883 |  26.9 |      10 |      17 |  37.0 |  1011
           D:8 |       3 |    3654 |   0.1 |       1 |      25 |   3.8 |  1195
           D:9 |     492 |    3383 |  12.7 |       4 |      51 |   7.3 |  1783
          D:10 |     757 |     990 |  43.3 |      10 |      23 |  30.3 |  2036
          D:11 |   13057 |    5603 |  70.0 |      59 |      64 |  48.0 |  5707
          D:12 |     479 |    4001 |  10.7 |       7 |      25 |  21.9 |  1622
          D:13 |    1472 |    9186 |  13.8 |       6 |      29 |  17.1 |  2360
          D:14 |    6835 |   17471 |  28.1 |      26 |      48 |  35.1 |  3920
          D:15 |    6709 |   25548 |  20.8 |      30 |      47 |  39.0 |  2549
        Lair:1 |    3479 |    7113 |  32.8 |      11 |      47 |  19.0 |  2889
        Lair:2 |    2763 |    6008 |  31.5 |      11 |      20 |  35.5 |  2631
        Lair:3 |    3009 |    3094 |  49.3 |       7 |      11 |  38.9 |  1926
        Lair:4 |    1230 |   12851 |   8.7 |       3 |      33 |   8.3 |  1860
        Lair:5 |    2964 |    5830 |  33.7 |       9 |      17 |  34.6 |  1010
        Lair:6 |    5490 |   15736 |  25.9 |      16 |      84 |  16.0 |  1851
       Swamp:1 |    2615 |    8884 |  22.7 |       6 |      29 |  17.1 |  1169
       Swamp:2 |     372 |   10529 |   3.4 |       1 |      22 |   4.3 |  1054
       Swamp:3 |    5526 |   24830 |  18.2 |      11 |      57 |  16.2 |  2403
       Swamp:4 |    3546 |   22020 |  13.9 |       6 |      47 |  11.3 |  1499
       Snake:1 |    3441 |    8522 |  28.8 |       7 |      16 |  30.4 |  1436
       Snake:2 |    4923 |   13522 |  26.7 |       8 |      24 |  25.0 |  2019
       Snake:3 |   18368 |   39100 |  32.0 |      34 |      45 |  43.0 |  2821
       Snake:4 |    6659 |   39769 |  14.3 |      11 |      65 |  14.5 |  2566
       Slime:1 |       0 |    7576 |   0.0 |       0 |       8 |   0.0 |   213
       Slime:2 |       0 |    5356 |   0.0 |       0 |       4 |   0.0 |   265
         Orc:1 |    3430 |    2920 |  54.0 |      15 |      21 |  41.7 |  2390
         Orc:2 |    1596 |    9488 |  14.4 |      12 |      54 |  18.2 |  2620
         Elf:1 |    3116 |   13524 |  18.7 |       5 |      24 |  17.2 |  2059
         Elf:2 |   14946 |   44508 |  25.1 |      24 |      68 |  26.1 |  2665
         Elf:3 |    6998 |   48838 |  12.5 |      10 |      43 |  18.9 |  2440
      Vaults:1 |   18537 |   46000 |  28.7 |      26 |      66 |  28.3 |  2805
      Vaults:2 |   15447 |   33239 |  31.7 |      24 |      39 |  38.1 |  2061
      Vaults:3 |    9889 |   32567 |  23.3 |      15 |      35 |  30.0 |  2498
      Vaults:4 |   24848 |  137901 |  15.3 |      34 |     164 |  17.2 |  3844
      Vaults:5 |    9336 |  138867 |   6.3 |      19 |      93 |  17.0 |  3075
       Crypt:1 |    3780 |   32657 |  10.4 |       7 |      42 |  14.3 |   792
       Crypt:2 |     705 |   43380 |   1.6 |       1 |      44 |   2.2 |   863
       Crypt:3 |    2610 |   76853 |   3.3 |       5 |      82 |   5.7 |  1249
      Depths:1 |   12218 |   80077 |  13.2 |      21 |      72 |  22.6 |  2687
      Depths:2 |   11748 |   49529 |  19.2 |      16 |      57 |  21.9 |  2738
      Depths:3 |    5092 |   59028 |   7.9 |       4 |      44 |   8.3 |  1911
      Depths:4 |   18161 |   51467 |  26.1 |      16 |      53 |  23.2 |  2113
      Depths:5 |   17565 |  135063 |  11.5 |      17 |     124 |  12.1 |  3120
         Zot:1 |    1983 |   31053 |   6.0 |       1 |      23 |   4.2 |  1063
         Zot:2 |    1395 |   62739 |   2.2 |       2 |      41 |   4.7 |  1219
         Zot:3 |    2448 |   52320 |   4.5 |       2 |      31 |   6.1 |  1222
         Zot:4 |   17950 |   35502 |  33.6 |       7 |      24 |  22.6 |   926
         Zot:5 |    3274 |   51537 |   6.0 |       2 |      18 |  10.0 |   422
       Abyss:1 |  500014 |  488342 |  50.6 |     827 |     792 |  51.1 | 19271
       Abyss:2 |  216276 |  229468 |  48.5 |     447 |     470 |  48.7 | 10701
       Abyss:3 |   21983 |    4501 |  83.0 |      33 |      14 |  70.2 |   498
       Abyss:5 |   16610 |    8981 |  64.9 |      30 |      11 |  73.2 |   157
        Bailey |       0 |    2816 |   0.0 |       0 |      43 |   0.0 |   610
               +---------+---------+-------+---------+---------+-------+---------
